 Dungeon Crawl Stone Soup version 0.29.1-15-g9cfb28693d (webtiles) character file.

Game seed: 11680324291282349386

2841 Descartes the Blocker (level 10, -21/79 HPs)
             Began as a Formicid Fighter on Apr 2, 2023.
             Was an Initiate of Gozag.
             Killed by an exploding vault guard (28 damage)
             ... ignited by their inner flame
             ... in a bailey.
             The game lasted 00:15:35 (8106 turns).

Descartes the Blocker (Formicid Fighter)            Turns: 8106, Time: 00:15:35

Health: -21/79     AC:  9    Str: 26    XL:     10   Next: 3%
Magic:  10/10      EV:  9    Int:  7    God:    Gozag
Gold:   372        SH: 10    Dex: 13    Spells: 9/9 levels left

rFire   . . .      SeeInvis +   r - +4 halberd
rCold   . . .      Faith    .   p - +0 kite shield
rNeg    + . .      Spirit   .   b - +0 scale mail
rPois   +          Reflect  .   (helmet unavailable)
rElec   .          Harm     .   (no cloak)
rCorr   .          Rampage  .   l - +0 pair of gloves
Will    +....                   (no boots)
Stlth   ..........              (no amulet)
HPRegen 0.23/turn               k - ring of positive energy
MPRegen 0.12/turn               (no ring)

@: gold aura, studying Polearms, unable to read
A: permanent stasis, dig shafts and tunnels, antennae 3, four strong arms,
poison resistance, screaming 1, inability to read after injury 1
a: Dig, Renounce Religion, Potion Petition, Call Merchant, Bribe Branch


You were in a bailey.
You worshipped Gozag.
Gozag was aware of your devotion.
You visited 2 branches of the dungeon, and saw 8 of its levels.
You also visited: Bailey.

You collected 517 gold pieces.
You paid 145 gold pieces to Gozag.

Inventory:

Hand Weapons
 a - a +0 war axe
 r - a +4 halberd (weapon)
 F - a +1 whip of freezing
 H - a +2 battleaxe
Missiles
 o - 12 poisoned darts
 s - a throwing net
Armour
 b - a +0 scale mail (worn)
 l - a +0 pair of gloves (worn)
 p - a +0 kite shield (worn)
Jewellery
 k - a ring of positive energy (left hand)
Wands
 A - a wand of mindburst (37)
 E - a wand of iceblast (8)
Scrolls
 e - 3 scrolls of torment
 f - 3 scrolls of identify
 g - 4 scrolls of fear
 i - 2 scrolls of teleportation
 q - a scroll of noise {unknown}
 t - a scroll of blinking {unknown}
 x - a scroll of enchant armour
 y - a scroll of enchant weapon {unknown}
 B - a scroll of vulnerability {unknown}
 G - a scroll of fog {unknown}
Potions
 c - a potion of flight
 d - a potion of haste
 h - 2 potions of brilliance
 j - a potion of degeneration
 C - a potion of attraction


   Skills:
 + Level 7.2 Fighting
 - Level 3.2(5.0) Axes
 + Level 5.9(6.3) Polearms
 + Level 7.1 Armour
 + Level 8.6 Shields
 + Level 6.8 Earth Magic


You had 9 spell levels left.
You didn't know any spells.
Your spell library contained the following spells:

 Spells                   Type           Power      Damage    Failure   Level
 Magic Dart               Conj           0%         1d3       88%         1
 Searing Ray              Conj           0%         2d4       96%         2
 Fulminant Prism          Conj/Hex       0%         3d6       100%        4


Dungeon Overview and Level Annotations

Branches:
Dungeon (7/15)             Temple (1/1) D:5          Bailey (1/1)

Altars:
Ashenzari
Cheibriados
Dithmenos
Elyvilon
Fedhas
Gozag
Hepliaklqana
Kikubaaqudgha
Makhleb
Nemelex Xobeh
Qazlal
Sif Muna
Trog
Uskayaw
Vehumet
Wu Jian
Yredelemnul
The Shining One

Shops:
D:1 ?

Annotations:
D:3 2 transporters, oTech's ghost, amateur TrFi


Innate Abilities, Weirdness & Mutations

You cannot be hasted, slowed, berserked, paralysed or teleported.
You can dig through walls and to a lower floor.
You have a pair of large antennae on your head. (SInv)
Your four strong arms can wield two-handed weapons with a shield.
Your system is resistant to poisons. (rPois)
You occasionally shout uncontrollably at your foes.
You occasionally lose the ability to read scrolls when taking damage.


Message History

Okay, then.
Okay, then.
As you read the scroll labelled YGRUNEPIRGH, it crumbles to dust.
The creatures around you are filled with an inner flame!
It was a scroll of immolation.
The vault guard barely misses you.
You hit the vault guard.
Flame seeps out of the vault guard.
The vault guard is lightly wounded.
The vault guard is engulfed in blazing flames.
Flame seeps out of the vault guard.
The vault guard barely misses you.
You barely miss the vault guard.
The vault guard is moderately wounded.
The vault guard hits you with a +0 broad axe.
The vault guard is engulfed in blazing flames.
Flame seeps out of the vault guard.
The vault guard hits you with a +0 broad axe.
You slash the vault guard!
Flame seeps out of the vault guard.
The vault guard is severely wounded.
The vault guard is engulfed in blazing flames.
Flame seeps out of the vault guard.
The vault guard hits you with a +0 broad axe!
* * * LOW HITPOINT WARNING * * *
Unknown command.
You hit the vault guard.
Flame seeps out of the vault guard.
The vault guard is severely wounded.
The vault guard is engulfed in blazing flames.
Flame seeps out of the vault guard.
The vault guard hits you with a +0 broad axe.
* * * LOW HITPOINT WARNING * * *
Unknown command.
You closely miss the vault guard.
The vault guard is almost dead.
The vault guard is engulfed in blazing flames.
Flame seeps out of the vault guard.
You block the vault guard's attack.
Unknown command.
You slash the vault guard!
The vault guard explodes!
The fiery explosion engulfs you!!
You feel threatened and lose the ability to read scrolls!
You die...
Your body crumbles into a pile of gold.

+.## #≈.~ {#≈.~ { ##≈.~
#########$ ###≈~..
##....#≈≈####≈≈~~~.
##.§§..#~~≈≈≈≈~~.~..
#$§°#..'..~~~~~~~...
#..@#..#.........~..
#..##..#≈≈≈p...~~.~.
#...#######≈~..~....
#####.......##≈~~~~~~~~
##...##......#≈~~~~~~~~~
#..∩..)....#'##≈≈~~~~~≈≈
#....)######..###≈≈≈≈≈##
#..∩..))~~##....#######
##...##~~~~#).....#


There were no monsters in sight!

Vanquished Creatures
  A vault guard (Bailey)
  Prince Ribbit (Bailey)
  Eustachio (Temple)
  4 humans (Bailey)
  Duvessa (D:6)
  A water moccasin (D:5)
  A black bear (D:6)
  A sky beast (D:7)
  2 ogres (D:6)
  A centaur (D:5)
  A kobold brigand (D:6)
  A scorpion (D:4)
  5 bullfrogs
  A necrophage (D:5)
  3 wights (D:6)
  Dowan (D:6)
  A howler monkey (D:7)
  3 hounds
  An orc priest (D:6)
  Terence (D:3)
  2 iguanas
  Natasha (twice) (D:2)
  4 orc wizards
  8 gnolls
  5 adders
  A white imp (D:6)
  An ufetubus (D:6)
  3 worms
  A dart slug (D:1)
  9 orcs
  7 ball pythons
  9 endoplasms
  4 giant cockroaches
  6 goblins
  16 hobgoblins
  2 quokkas
  4 bats
  2 frilled lizards
  9 kobolds
  7 rats
134 creatures vanquished.

Notes
Turn   | Place    | Note
-------+----------+-------------------------------------------
     0 | D:1      | Descartes the Formicid Fighter began the quest for the Orb.
     0 | D:1      | Reached XP level 1. HP: 18/18 MP: 1/1
    91 | D:1      | Found a faded altar of an unknown god.
   302 | D:1      | Reached XP level 2. HP: 24/24 MP: 2/2
   348 | D:1      | Found Irypuel's Magic Scroll Boutique.
   747 | D:1      | Reached skill level 1 in Earth Magic
   823 | D:1      | Reached XP level 3. HP: 29/29 MP: 3/3
  1452 | D:2      | Noticed Natasha
  1467 | D:2      | Killed Natasha
  1468 | D:2      | Reached XP level 4. HP: 3/37 MP: 4/4
  2031 | D:2      | Noticed Natasha
  2040 | D:2      | Killed Natasha
  2230 | D:2      | Reached XP level 5. HP: 26/42 MP: 5/5
  2821 | D:3      | Found a transporter.
  2823 | D:3      | Noticed oTech's ghost (amateur TrFi)
  2854 | D:3      | Found a transporter.
  2907 | D:3      | Noticed Terence
  2911 | D:3      | Killed Terence
  2912 | D:3      | Reached skill level 5 in Shields
  3441 | D:4      | Reached skill level 1 in Polearms
  3441 | D:4      | Reached XP level 6. HP: 37/49 MP: 6/6
  3747 | D:5      | Entered Level 5 of the Dungeon
  4046 | D:5      | Reached XP level 7. HP: 17/55 MP: 7/7
  4342 | D:5      | Found a staircase to the Ecumenical Temple.
  4361 | D:5      | Noticed Eustachio
  4389 | Temple   | Entered the Ecumenical Temple
  4693 | Temple   | Killed Eustachio
  4747 | D:5      | Noticed a water moccasin
  4758 | D:5      | Killed a water moccasin
  4759 | D:5      | Reached skill level 5 in Fighting
  4759 | D:5      | Reached skill level 5 in Armour
  4759 | D:5      | Reached skill level 6 in Shields
  4972 | D:5      | Found a basalt altar of Yredelemnul.
  4973 | D:5      | Found an ancient bone altar of Kikubaaqudgha.
  4974 | D:5      | Found a stormy altar of Qazlal.
  4975 | D:5      | Found an ornate altar of the Wu Jian Council.
  5133 | D:5      | Reached XP level 8. HP: 61/62 MP: 8/8
  5842 | D:6      | Noticed Dowan
  5851 | D:6      | Killed Dowan
  5896 | D:6      | Noticed Duvessa
  5904 | D:6      | HP: 2/64 [Duvessa/+0 short sword of speed (9)]
  5905 | D:6      | Killed Duvessa
  5906 | D:6      | Reached skill level 7 in Shields
  5906 | D:6      | Reached skill level 5 in Earth Magic
  6391 | D:6      | Reached XP level 9. HP: 34/69 MP: 9/9
  7148 | D:7      | Identified a scroll of acquirement
  7149 | D:7      | Acquired a manual of Polearms
  7162 | D:7      | Found a shimmering blue altar of Sif Muna.
  7163 | D:7      | Found an opulent altar of Gozag.
  7178 | D:7      | Found a shadowy altar of Dithmenos.
  7193 | D:7      | Became a worshipper of Gozag Ym Sagoz the Greedy
  7247 | D:7      | Found a flagged portal.
  7262 | Bailey   | Entered a bailey
  7279 | Bailey   | Gained mutation: You occasionally lose the ability to read
                  | scrolls when taking damage. [potion of mutation]
  7279 | Bailey   | Gained mutation: You occasionally shout uncontrollably at
                  | your foes. [potion of mutation]
  7279 | Bailey   | Gained mutation: Your system is resistant to poisons.
                  | (rPois) [potion of mutation]
  7285 | Bailey   | HP: 4/106 [human/+0 war axe (7)]
  7295 | Bailey   | Reached skill level 8 in Shields
  7305 | Bailey   | Reached skill level 5 in Polearms
  7988 | Bailey   | Noticed Prince Ribbit
  7988 | Bailey   | Noticed a vault guard
  8008 | Bailey   | Killed Prince Ribbit
  8009 | Bailey   | Reached XP level 10. HP: 63/79 MP: 10/10
  8106 | Bailey   | Killed a vault guard
  8106 | Bailey   | Killed by an exploding vault guard... ignited by their
                  | inner flame

Illustrated notes

Levels and vault maps discovered:
D:1:      lemuel_arrival_tunnels, layout_loops_corners, serial_shops,
          nicolae_shop_hallway_plus, ebering_ecumenical_altar_box,
          minmay_misc_feat_rugged
D:2:      layout_basic, dreamdust_princess_corridor, minmay_unequal,
          uniq_natasha
D:3:      layout_rooms, gammafunk_ghost_stat_death, grunt_decor_mini_mirrors,
          uniq_terence
D:4:      layout_basic
D:5:      layout_basic, mainiacjoe_overflow_alcove_3,
          minmay_temple_entry_glassed_door, gup_sewer_entry_glass,
          uniq_eustachio
D:6:      layout_basic, uniq_duvessa
D:7:      layout_basic, nicolae_dithmenos_through_a_glass_darkly,
          mainiacjoe_overflow_divided_tiny, serial_shops,
          nicolae_lakefront_shop, enter_bailey_3
Temple:   grunt_temple_mini_profane
Bailey:   bailey_axe_froggy_fort_hellmonk, bailey

Skill      XL: |  1  2  3  4  5  6  7  8  9 |
---------------+----------------------------+-----
Earth Magic    | 1 2 3 4 5 6 |  6.8
Fighting       | 4 5 6 7 |  7.2
Armour         | 4 5 6 7 |  7.1
Shields        | 5 6 7 8 |  8.6
Polearms       | 1 2 3 5 |  5.9
Axes           | 3 |  3.2

Action                   |  1- 3 |  4- 6 |  7- 9 | 10-12 || total
-------------------------+-------+-------+-------+-------++-------
Melee: War axe           |    87 |    39 |       |       ||   126
       Halberd           |       |    61 |   235 |    12 ||   308
       Battleaxe         |       |       |    34 |       ||    34
 Abil: Dig               |       |       |     1 |       ||     1
  Use: Potion            |       |     1 |    11 |       ||    12
       Scroll            |       |       |     8 |     1 ||     9
Armor: Scale mail        |    23 |    46 |    96 |       ||   165
       Skin              |       |       |    17 |       ||    17
Dodge: Dodged            |    37 |    38 |   116 |     4 ||   195
Block: Buckler           |    24 |     1 |       |       ||    25
       Kite shield       |       |    56 |   180 |     2 ||   238
